 Dungeon Sprint DCSS version 0.27.0-1-g7a089689b8 (webtiles) character file.

Game seed: 13456816752524765612

0 xpp the Skirmisher (level 1, -7/19 HPs)
             Began as a Draconian Berserker on July 31, 2021.
             Was a Follower of Trog.
             Mangled by a merfolk siren (14 damage)
             ... in the Dungeon (Sprint II: "The Violet Keep of Menkaure").
             The game lasted 00:00:45 (27 turns).

xpp the Skirmisher (Draconian Berserker)              Turns: 27, Time: 00:00:46

Health: -7/19      AC:  4    Str: 19    XL:     1   Next: 0%
Magic:  1/1        EV: 12    Int:  7    God:    Trog [*.....]
Gold:   0          SH:  0    Dex: 10    Spells: 0/0 levels left

rFire    . . .     SeeInvis .   a - +0 falchion
rCold    . . .     Faith    .   (no shield)
rNeg     . . .     Spirit   .   (armour unavailable)
rPois    .         Reflect  .   (helmet restricted)
rElec    .         Harm     .   (no cloak)
rCorr    .         Rampage  .   (no gloves)
Will     .....     NoTele   +   (no boots)
Stlth    +.........             (no amulet)
HPRegen  0.06/turn              (no ring)
MPRegen  0.07/turn              (no ring)

@: mesmerised
A: AC +4, unfitting armour, cold-blooded
a: Renounce Religion, Berserk


You were in the Dungeon.
You worshipped Trog.
Trog was aware of your devotion.
You visited 1 branch

Inventory:

Hand Weapons
 a - a +0 falchion (weapon)
Scrolls
 g - a scroll of blinking
Potions
 d - a potion of haste
 e - 2 potions of magic
 f - a potion of berserk rage


   Skills:
 + Level 3.2 Fighting
 + Level 3.0 Long Blades
 * Level 2.6 Dodging


You couldn't memorise any spells.
You didn't know any spells.
Your spell library was empty.

Dungeon Overview and Level Annotations

Branches:
Dungeon (1/1)

Altars:


Innate Abilities, Weirdness & Mutations

Your plain brown scales are hard. (AC +4)
You cannot fit into any form of body armour.
You are cold-blooded and may be slowed by cold attacks.


Message History

You tail-slap the merfolk siren, but do no damage.
The merfolk siren is moderately wounded.
The merfolk siren chants its luring song.
You hit the merfolk siren. You tail-slap the merfolk siren.
The merfolk siren is moderately wounded.
The merfolk siren chants its luring song. x2
You barely miss the merfolk siren.
The merfolk siren is moderately wounded.
The merfolk siren chants its luring song.
You hit the merfolk siren.
The merfolk siren is moderately wounded.
The merfolk siren chants its luring song.
You closely miss the merfolk siren.
The merfolk siren is moderately wounded.
The merfolk siren chants its luring song.
You hit the merfolk siren.
The merfolk siren is heavily wounded.
The merfolk siren chants its luring song.
You hit the merfolk siren but do no damage.
The merfolk siren is heavily wounded.
The merfolk siren hits you with a +1 spear of distortion!
Ouch! That really hurt!
* * * LOW HITPOINT WARNING * * *
Space bends around you.
* * * LOW HITPOINT WARNING * * *
You feel better.
The merfolk siren chants its luring song.
You barely miss the merfolk siren.
The merfolk siren is heavily wounded.
The merfolk siren chants its luring song. x2
You miss the merfolk siren.
The merfolk siren is heavily wounded.
The merfolk siren misses you.
You riposte.
You closely miss the merfolk siren.
The merfolk siren is heavily wounded.
You closely miss the merfolk siren.
You tail-slap the merfolk siren, but do no damage.
The merfolk siren is heavily wounded.
The merfolk siren hits you with a +1 spear of distortion!
Ouch! That really hurt!
You die...

## ##
##. .##
#..#..#
# #.m.#
#. #@#
#l##.##
#+.<.+
#l##.##
#. #+#
#


You could see a merfolk siren (mesmerising).

Vanquished Creatures (others)
  A water moccasin (D)
1 creature vanquished.

Notes
Turn   | Place    | Note
-------+----------+-------------------------------------------
     0 | D        | xpp the Draconian Berserker began the quest for the Orb.
     0 | D        | Reached XP level 1. HP: 19/19 MP: 1/1
     1 | D        | Noticed a wyvern
     1 | D        | Noticed a wyvern
     4 | D        | Noticed a merfolk siren
    24 | D        | Killed a water moccasin
    27 | D        | Mangled by a merfolk siren

Illustrated notes

Levels and vault maps discovered:
D:        the_violet_keep_of_menkaure [sprint2_stairs_cluster_1,
          sprint2_shoproom, sprint2_temple, sprint2_basic_supplies,
          sprint2_obstacle_3, sprint2_obstacle_5, sprint2_obstacle_4,
          sprint2_obstacle_6, sprint2_obstacle_2, sprint2_timed_cluster_1,
          sprint2_smallroom_cluster_1, sprint2_smallroom_final_cluster_1,
          sprint2_transparent_cluster_1, sprint2_second_timed_cluster_1,
          sprint2_sniper_area_1, sprint2_heavy_combat_area_1,
          sprint2_mutation_trap_area_1, sprint2_forest_area_1,
          sprint2_light_combat_area_1, sprint2_behind_water_1,
          sprint2_near_end_vault_1]

Action                   || total
-------------------------++-------
Melee: Falchion          ||    19
       Tailslap          ||     3
  Use: Potion            ||     2
Dodge: Dodged            ||     1
       Rpst.: Falchion   ||     1
